 Dungeon Crawl Stone Soup version bcrawl-1.19.1 (webtiles) character file.

Game seed: 14458402559466246579

294 Revguard the Ducker (level 6, -4/44 HPs)
             Began as a Demonspawn Archaeologist on Nov 23, 2019.
             Was an Initiate of Okawaru.
             Slain by an orc
             ... wielding a +0 mace
              (7 damage)
             ... on level 3 of the Dungeon.
             The game lasted 00:05:32 (2544 turns).

Revguard the Ducker (Demonspawn Archaeologist)      Turns: 2544, Time: 00:05:33

Health: -4/44      AC:  6    Str: 10    XL:     6   Next: 11%
Magic:  6/6        EV: 13    Int: 18    God:    Okawaru [......]
Gold:   131        SH:  0    Dex: 12    Spells: 5/5 levels left

rFire    + . .     SeeInvis .   n - +1 hand axe (vamp)
rCold    . . .     Gourm    .   (no shield)
rNeg     . . .     Faith    .   k - +0 leather armour
rPois    .         Spirit   .   c - +1 hat
rElec    .         Reflect  .   (no cloak)
rCorr    .         Harm     .   (no gloves)
MR       +....                  d - +1 pair of boots
Stlth    +.........             (no amulet)
HPRegen  0.00/turn              (no ring)
MPRegen  0.10/turn              (no ring)

@: confused, studying Shields
A: hooves 1, clever 1, fire resistance 1, magic resistance 1, powered by death
1, inhibited regeneration, weak 1, flame cloud immunity
a: Renounce Religion


You were on level 3 of the Dungeon.
You worshipped Okawaru.
Okawaru was noncommittal.
You were not hungry.

You visited 1 branch of the dungeon, and saw 3 of its levels.

You collected 131 gold pieces.

Inventory:

Hand Weapons
 a - a +1 whip
 j - a -3 spear
 n - a +1 vampiric hand axe (weapon)
Armour
 b - a +1 robe
 c - a +1 hat (worn)
 d - a +1 pair of boots (worn)
 k - a +0 leather armour (worn)
Scrolls
 h - a scroll of teleportation
 l - 2 scrolls of identify
Potions
 o - a potion of agility
Books
 e - a manual of Shields
Miscellaneous
 f - an ancient crate
Comestibles
 g - 4 rations {!d}
 i - 10 chunks of flesh


   Skills:
 + Level 2.2 Fighting
 + Level 0.4(2.2) Axes
 + Level 3.4(3.5) Maces & Flails
 * Level 1.7 Armour
 + Level 3.6 Dodging
 - Level 3.0 Stealth
 * Level 2.4 Shields
 * Level 0.2 Invocations


You had 5 spell levels left.
You didn't know any spells.
Your spell library was empty.

Dungeon Overview and Level Annotations

Branches:
Dungeon (3/12)

Altars:
Okawaru


Innate Abilities, Weirdness & Mutations

You have large cloven feet.
Your flesh is heat resistant. (rF+)
You regenerate a little health from kills.
You are immune to clouds of flame.
Your mind is acute. (Int +2)
You are resistant to hostile enchantments. (MR+)
You do not regenerate when monsters are visible.
You are weak. (Str -2)


Message History

You feel stronger.
Your demonic ancestry asserts itself...
You feel less concerned about heat. The orc closely misses you.
You hit the orc but do no damage. You hit the orc.
You feel better.
You kill the orc!
Okawaru accepts your kill. The orc misses you.
You barely miss the orc wizard.
The orc wizard is severely wounded.
You barely miss the orc.
The orc wizard hits you with a +0 dagger.
* * * LOW HITPOINT WARNING * * *
The orc hits you with a +0 mace.
* * * LOW HITPOINT WARNING * * *
The orc wizard hits you but does no damage.
It was a potion of mutation.
You feel extremely strange.
Your regeneration stops near monsters.
You feel clever.
You feel weaker.
You feel resistant to hostile enchantments.
The orc hits you with a +0 mace!
You die...

............###.####.###
.................>......
.....#..........##รท#####
.....#..................
...................#####
....#..............#
...................#
...##..###...####.# #.@#
#...# #.# #oo# #...# #.#
#).# #...# #.# ##.# #...#
#.# #.# #...# .# #..
#...# #..##...# #..##....
...#.....


You could see an orc wizard and an orc.

Vanquished Creatures
  Sigmund (D:2)
  An orc priest (D:3)
  3 adders
  An ooze (D:3)
  A worm (D:3)
  3 dart slugs
  3 leopard geckos (D:2)
  2 orcs (D:3)
  3 bats (D:1)
  4 giant cockroaches
  3 goblins (D:2)
  7 hobgoblins
  5 jackals
  9 frilled lizards
  4 kobolds
  A leopard gecko zombie (D:1)
  A quokka zombie (D:1)
  3 rats (D:1)
55 creatures vanquished.

Notes
Turn   | Place    | Note
-------+----------+-------------------------------------------
     0 | D:1      | Revguard the Demonspawn Archaeologist began the quest for
                  | the Orb.
     0 | D:1      | Reached XP level 1. HP: 15/15 MP: 1/1
    56 | D:1      | Reached skill level 1 in Maces & Flails
   211 | D:1      | Gained mutation: You regenerate a little health from kills.
                  | [demonic ancestry]
   211 | D:1      | Reached XP level 2. HP: 20/21 MP: 2/2
  1144 | D:2      | Reached XP level 3. HP: 26/26 MP: 3/3
  1702 | D:2      | Noticed Sigmund
  1732 | D:2      | Killed Sigmund
  1732 | D:2      | Reached skill level 1 in Armour
  1732 | D:2      | Gained mutation: Your flesh is heat resistant. (rF+)
                  | [demonic ancestry]
  1732 | D:2      | Reached XP level 4. HP: 7/33 MP: 4/4
  1732 | D:2      | Gained mutation: You have large cloven feet. [demonic
                  | ancestry]
  1732 | D:2      | Reached XP level 5. HP: 8/38 MP: 5/5
  2182 | D:2      | Found an iron altar of Okawaru.
  2222 | D:2      | Became a worshipper of Warmaster Okawaru
  2541 | D:3      | Gained mutation: You are immune to clouds of flame.
                  | [demonic ancestry]
  2541 | D:3      | Reached XP level 6. HP: 9/44 MP: 6/6
  2544 | D:3      | Gained mutation: You do not regenerate when monsters are
                  | visible. [potion of mutation]
  2544 | D:3      | Gained mutation: Your mind is acute. (Int +2) [potion of
                  | mutation]
  2544 | D:3      | Gained mutation: You are weak. (Str -2) [potion of
                  | mutation]
  2544 | D:3      | Gained mutation: You are resistant to hostile enchantments.
                  | (MR+) [potion of mutation]
  2544 | D:3      | Slain by an orc

Skill      XL: |  1  2  3 |
---------------+----------+-----
Maces & Flails | 1 2 3 |  3.4
Dodging        | 3 |  3.6
Fighting       | 2 |  2.2
Armour         | 1 |  1.7
Shields        | 2 |  2.4
Axes           | |  0.4
Stealth        | |  3.0
Invocations    | |  0.2

Action                   |  1- 3 |  4- 6 || total
-------------------------+-------+-------++-------
Melee: Whip              |   211 |    17 ||   228
       Hand axe          |       |    64 ||    64
  Use: Scroll            |     5 |     2 ||     7
       Potion            |     2 |     1 ||     3
 Stab: Sleeping          |     9 |       ||     9
  Eat: Chunk             |     3 |     1 ||     4
       Ration            |       |     2 ||     2
Armor: Robe              |    59 |       ||    59
       Skin              |     4 |       ||     4
       Leather armour    |       |    33 ||    33
Dodge: Dodged            |   155 |    68 ||   223
